 Dungeon Crawl Stone Soup version 0.30.0-17-ge0270778cf (webtiles) character file.

Game seed: 13253996304636601866

29 zazu2006 the Sneak (level 3, -2/25 HPs)
             Began as a Gnoll Wanderer on May 21, 2023.
             Slain by a hobgoblin (3 damage)
             ... on level 2 of the Dungeon.
             The game lasted 00:02:06 (1066 turns).

zazu2006 the Sneak (Gnoll Wanderer)                 Turns: 1066, Time: 00:02:09

Health: -2/25      AC:  3    Str: 11    XL:     3   Next: 16%
Magic:  5/7        EV: 12    Int: 11    God:
Gold:   62         SH:  0    Dex: 13    Spells: 6/7 levels left

rFire   . . .        g - +2 short sword (speed)
rCold   + . .        (no shield)
rNeg    . . .        f - +0 leather armour
rPois   .            (no helmet)
rElec   .            (no cloak)
rCorr   .            (no gloves)
SInv    .            (no boots)
Will    .....        (no amulet)
Stlth   +++          i - ring of protection from cold
HPRegen 0.24/turn    (no ring)
MPRegen 0.10/turn

%: no passive effects
@: mighty
A: fangs 1, strong nose, distributed training
a: no special abilities


You were on level 2 of the Dungeon.
You visited 1 branch of the dungeon, and saw 2 of its levels.

You collected 62 gold pieces.

Inventory:

Hand Weapons
 g - a +2 short sword of speed (weapon)
Missiles
 c - 10 poisoned darts (quivered)
Armour
 f - a +0 leather armour (worn)
Jewellery
 i - a ring of protection from cold (left hand)
Scrolls
 a - a scroll of blinking {unknown}
 b - a scroll of fear
 d - a scroll of vulnerability {unknown}
 e - a scroll of teleportation
 h - a scroll of identify {unknown}


   Skills:
 + Level 0.7 Fighting
 + Level 0.7 Short Blades
 + Level 0.7 Long Blades
 + Level 0.7 Axes
 + Level 0.7 Maces & Flails
 + Level 0.7 Polearms
 + Level 0.7 Staves
 + Level 0.7 Ranged Weapons
 + Level 4.5 Throwing
 + Level 0.7 Armour
 + Level 2.6 Dodging
 + Level 7.8 Stealth
 + Level 0.7 Shields
 + Level 0.7 Unarmed Combat
 + Level 2.8 Spellcasting
 + Level 0.5 Conjurations
 + Level 0.5 Hexes
 + Level 2.1 Summonings
 + Level 0.5 Necromancy
 + Level 0.5 Translocations
 + Level 0.5 Transmutations
 + Level 0.5 Fire Magic
 + Level 0.5 Ice Magic
 + Level 0.5 Air Magic
 + Level 0.5 Earth Magic
 + Level 0.5 Poison Magic
 + Level 0.9 Invocations
 + Level 2.6 Evocations


You had 6 spell levels left.
You knew the following spells:

 Your Spells              Type           Power      Damage    Failure   Level
a - Summon Small Mammal   Summ           24%        N/A       14%         1

Your spell library contained the following spells:

 Spells                   Type           Power      Damage    Failure   Level
 Call Canine Familiar     Summ           6%         N/A       41%         3
 Gell's Gravitas          Tloc           2%         N/A       65%         3
 Teleport Other           Tloc           2%         N/A       65%         3
 Dispersal                Tloc           1%         N/A       100%        6


Dungeon Overview and Level Annotations

Branches:
Dungeon (2/15)

Altars:


Innate Abilities, Weirdness & Mutations

You have very sharp teeth.
Your uncanny sense of smell can sniff out nearby items.
Your experience applies equally to all skills.


Message History

The hobgoblin hits you but does no damage.
You closely miss Natasha.
Natasha is moderately wounded.
Natasha claws you.
You barely miss Natasha.
Natasha is moderately wounded.
The hobgoblin misses you. Natasha misses you.
Casting: Summon Small Mammal (safe; 14% risk of failure)
Confirm with . or Enter, or press ? or * to list all spells.
The hobgoblin barely misses you. Natasha claws you!
* * * LOW HITPOINT WARNING * * *
Unknown command.
You hit Natasha.
Natasha is heavily wounded.
The hobgoblin misses you.
You hit Natasha.
Natasha is severely wounded.
Natasha hisses.
Natasha barely misses you.
Your rat barely misses Natasha.
You hit Natasha.
Natasha is almost dead.
The hobgoblin hits you.
* * * LOW HITPOINT WARNING * * *
Natasha completely misses you.
Your rat barely misses Natasha.
You closely miss Natasha.
Natasha is almost dead.
The hobgoblin hits you.
* * * LOW HITPOINT WARNING * * *
Casting: Summon Small Mammal (safe; 14% risk of failure)
Confirm with . or Enter, or press ? or * to list all spells.
Natasha claws you.
* * * LOW HITPOINT WARNING * * *
Your rat closely misses Natasha.
The hobgoblin closely misses you.
It was a potion of might.
You feel very mighty all of a sudden. Natasha closely misses you.
Your rat bites Natasha.
Natasha dies!
Natasha screams in pain as she dies!
The hobgoblin hits you.
You die...

#.### #.#.#
....###.#.########
#.................
#.#.......#######.
#.#.###...........
##.................
#r..........#####..
#r†..##.#...... #..
#.@g........#.# #..
#....#..#...#.###..
#..................
......#.............
....................
####...#..... ...##.
#..<...?. #.
........ #. #.


You could see a hobgoblin and 2 friendly rats.

Vanquished Creatures
  An endoplasm (D:2)
  A giant cockroach (D:1)
  A goblin (D:1)
  4 hobgoblins (D:1)
  4 kobolds (D:1)
  3 quokkas (D:1)
  3 ball pythons (D:1)
  2 bats (D:1)
  3 frilled lizards (D:1)
  3 rats (D:1)
25 creatures vanquished.

Vanquished Creatures (collateral kills)
  Natasha (D:2)
  A giant cockroach (D:1)
  A rat (D:1)
3 creatures vanquished.

Grand Total: 28 creatures vanquished

Notes
Turn   | Place    | Note
-------+----------+-------------------------------------------
     0 | D:1      | zazu2006 the Gnoll Wanderer began the quest for the Orb.
     0 | D:1      | zazu2006 set off with the following items: a +2 dagger, a
                  | scroll of fear, 10 poisoned darts, a +0 dagger, a scroll of
                  | teleportation, a +0 leather armour; and the following spell
                  | memorised: Summon Small Mammal; and the following spells
                  | available to memorise: Call Canine Familiar.
     0 | D:1      | Reached XP level 1. HP: 13/13 MP: 4/4
   220 | D:1      | Reached XP level 2. HP: 19/19 MP: 5/5
   739 | D:1      | Reached XP level 3. HP: 19/25 MP: 7/7
  1032 | D:2      | Identified the +8 dagger of Uncomfortable Rashes {heavy,
                  | rN++ Str+3 Int+2 Dex-2}
  1048 | D:2      | Noticed Natasha
  1065 | D:2      | HP: 1/25 [Natasha (3)]
  1066 | D:2      | Killed Natasha
  1066 | D:2      | Slain by a hobgoblin

Illustrated notes

Levels and vault maps discovered:
D:1:      dreamdust_arrival_beginning_and_end, layout_basic, skrybe_limestone_x,
          serial_bayou_lake_a
D:2:      layout_basic, uniq_jessica, uniq_natasha, uniq_terence

Skill      XL: |  1 |
---------------+----+-----
Summonings     | 2 |  2.1
Fighting       | |  0.7
Short Blades   | |  0.7
Long Blades    | |  0.7
Axes           | |  0.7
Maces & Flails | |  0.7
Polearms       | |  0.7
Staves         | |  0.7
Ranged Weapons | |  0.7
Throwing       | |  4.5
Armour         | |  0.7
Dodging        | |  2.6
Stealth        | |  7.8
Shields        | |  0.7
Unarmed Combat | |  0.7
Spellcasting   | |  2.8
Conjurations   | |  0.5
Hexes          | |  0.5
Necromancy     | |  0.5
Translocations | |  0.5
Transmutations | |  0.5
Fire Magic     | |  0.5
Ice Magic      | |  0.5
Air Magic      | |  0.5
Earth Magic    | |  0.5
Poison Magic   | |  0.5
Invocations    | |  0.9
Evocations     | |  2.6

Action                     || total
---------------------------++-------
  Melee: Dagger            ||     8
         Short sword       ||    55
         Bite              ||     5
         Punch             ||     1
   Cast: Summon Small Mamm ||    11
    Use: Potion            ||     1
   Stab: Sleeping          ||    10
 Armour: Leather armour    ||     6
  Dodge: Dodged            ||    32
